 Dungeon Crawl Stone Soup version 0.30-a0-313-gae38170b09 (webtiles) character file.

Game seed: 5659411518142382708

270591 hikkokomori the Spry (level 18, -3/158 HPs)
             Began as a Demigod Summoner on Oct 25, 2022.
             Killed from afar by an ironbound thunderhulk (54 damage)
             ... with a bolt of lightning
             ... on level 1 of the Vaults on Oct 27, 2022.
             The game lasted 03:44:33 (40152 turns).

hikkokomori the Spry (Demigod Summoner)            Turns: 40152, Time: 03:44:34

Health: -3/158     AC: 31    Str: 11    XL:     18   Next: 72%
Magic:  14/37      EV: 31    Int: 29    God:
Gold:   1367       SH:  0    Dex: 35    Spells: 9/37 levels left

rFire   . . .      SeeInvis .    M - +9 arbalest (flame)
rCold   . . .      Faith    .    (shield currently unavailable)
rNeg    . . .      Spirit   .    y - +3 leather armour of Negligence {Str+2 Dex+9}
rPois   .          Reflect  .    a - +2 helmet
rElec   .          Harm     .    O - +2 cloak
rCorr   .          Rampage  .    e - +2 pair of gloves
Will    +....                    g - +2 pair of boots
Stlth   ++++......               R - amulet of regeneration
HPRegen 1.26/turn                i - ring of the Tortoise {AC+8}
MPRegen 0.25/turn                x - +4 ring of protection

@: studying Ice Magic
A: high MP 1, forlorn, divine attributes
}: 2/15 runes: decaying, serpentine
a: no special abilities


You were on level 1 of the Vaults.
You visited 6 branches of the dungeon, and saw 32 of its levels.
You also visited: Ossuary, Ice Cave and Wizlab.

You collected 3777 gold pieces.
You spent 2410 gold pieces at shops.

Inventory:

Hand Weapons
 h - a +0 antimagic arbalest
 L - the +3 morningstar of the Final Decision {holy, *Corrode Int+10}
   (You found it on level 7 of the Dungeon)

   It has been blessed by the Shining One to cause great damage to the undead
   and demons.
   Int:       It affects your intelligence (+10).
   *Corrode:  It may corrode you when you take damage.
 M - a +9 arbalest of flaming (weapon)
 W - the +9 morningstar "Gobrazal" {flame, rCorr Dex+7}
   (You found it on level 2 of the Lair of Beasts)

   It burns those it strikes, dealing additional fire damage.
   Dex:       It affects your dexterity (+7).
   rCorr:     It protects you from acid and corrosion.
Missiles
 S - 3 throwing nets
Armour
 a - a +2 helmet (worn)
 e - a +2 pair of gloves (worn)
 g - a +2 pair of boots (worn)
 y - the +3 leather armour of Negligence (worn) {Str+2 Dex+9}
   (You bought it in a shop on level 4 of the Dungeon)

   Str:       It affects your strength (+2).
   Dex:       It affects your dexterity (+9).
 K - a +1 pair of gloves of strength
 O - a +2 cloak (worn)
 U - the +6 scale mail of the Ward {rF+ Regen+ Str+4}
   (You bought it in a shop on level 2 of the Orcish Mines)

   Str:       It affects your strength (+4).
   rF:        It protects you from fire.
   Regen:     It increases your rate of health regeneration.
Jewellery
 i - the ring of the Tortoise (left hand) {AC+8}
   (You found it in an ice cave)

   [ring of protection]

   AC:        It affects your AC (+8).
 o - a +4 ring of evasion
 q - a ring of protection from cold
 x - a +4 ring of protection (right hand)
 F - a ring of wizardry
 R - an amulet of regeneration (around neck)
 V - a ring of protection from fire
 Y - a ring of willpower
Wands
 k - a wand of digging (9)
 t - a wand of roots (10)
 C - a wand of flame (29)
 G - a wand of charming (25)
 N - a wand of light (28)
 T - a wand of mindburst (25)
Scrolls
 d - 6 scrolls of blinking
 l - 3 scrolls of poison
 n - 9 scrolls of teleportation
 p - 11 scrolls of immolation
 r - 2 scrolls of fear
 u - 5 scrolls of silence
 v - 2 scrolls of summoning
 I - 2 scrolls of magic mapping
 Z - 8 scrolls of butterflies
Potions
 b - 2 potions of magic
 f - 10 potions of flight
 j - 10 potions of curing
 s - 4 potions of haste
 z - 4 potions of might
 B - a potion of invisibility
 D - 2 potions of berserk rage
 E - 4 potions of mutation
 H - 3 potions of ambrosia
 J - 3 potions of resistance
 P - 3 potions of heal wounds
 Q - 4 potions of brilliance
Miscellaneous
 c - a condenser vane (inert)
 m - a phantom mirror
 w - a lightning rod (4/4)
 A - a tin of tremorstones (2/2)
 X - a phial of floods


   Skills:
 + Level 13.4 Fighting
 + Level 14.9 Ranged Weapons
 - Level 6.1 Armour
 + Level 15.0 Dodging
 - Level 4.3 Stealth
 - Level 10.2 Spellcasting
 - Level 14.5 Summonings
 + Level 11.2 Translocations
 - Level 4.9 Air Magic
 - Level 4.3 Evocations


You had 9 spell levels left.
You knew the following spells:

 Your Spells              Type           Power      Damage    Failure   Level
b - Call Imp              Summ           78%        N/A       1%          2
c - Call Canine Familiar  Summ           78%        N/A       1%          3
d - Summon Lightning Spi  Summ/Air       63%        N/A       1%          4
e - Passwall              Tmut/Erth      11%        N/A       7%          2
f - Summon Forest         Summ/Tloc      37%        N/A       1%          5
g - Summon Cactus Giant   Summ           39%        N/A       1%          6
h - Dispersal             Tloc           34%        N/A       7%          6

Your spell library contained the following spells:

 Spells                   Type           Power      Damage    Failure   Level
 Summon Small Mammal      Summ           100%       N/A       0%          1
 Shock                    Conj/Air       100%       1d9       1%          1
 Gell's Gravitas          Tloc           68%        N/A       1%          3
 Lesser Beckoning         Tloc           100%       N/A       1%          3
 Summon Guardian Golem    Hex/Summ       54%        N/A       1%          3
 Swiftness                Air            43%        N/A       1%          3
 Teleport Other           Tloc           68%        N/A       1%          3
 Manifold Assault         Tloc           68%        N/A       1%          4
 Poisonous Vapours        Pois/Air       58%        N/A       2%          2
 Animate Armour           Summ/Erth      100%       N/A       2%          4
 Foxfire                  Conj/Fire      56%        2x1d6     4%          1
 Magic Dart               Conj           56%        1d5       4%          1
 Sandblast                Erth           28%        2d8       4%          1
 Sting                    Tmut/Pois      56%        1d5       4%          1
 Airstrike                Air            21%        2d(4-20)  6%          4
 Summon Mana Viper        Hex/Summ       54%        N/A       6%          5
 Ensorcelled Hibernation  Hex/Ice        28%        N/A       7%          2
 Mephitic Cloud           Conj/Pois/Air  24%        N/A       7%          3
 Summon Hydra             Summ           39%        N/A       10%         7
 Dazzling Flash           Conj/Hex       28%        N/A       14%         3
 Inner Flame              Hex/Fire       14%        N/A       14%         3
 Spider Form              Tmut/Pois      14%        N/A       14%         3
 Anguish                  Hex/Necr       7%         N/A       43%         4
 Animate Dead             Necr           14%        N/A       43%         4
 Cause Fear               Hex            7%         N/A       43%         4
 Petrify                  Tmut/Erth      14%        N/A       43%         4
 Silence                  Hex/Air        14%        N/A       43%         5
 Agony                    Necr           14%        N/A       78%         5
 Alistair's Intoxication  Tmut/Pois      9%         N/A       78%         5
 Blade Hands              Tmut           7%         N/A       78%         5
 Fireball                 Conj/Fire      7%         3d5       78%         5
 Iskenderun's Battlesphe  Conj           14%        2d7       78%         5
 Lee's Rapid Deconstruct  Erth           7%         3d6*      78%         5
 Haunt                    Necr/Summ      27%        N/A       89%         7
 Spellforged Servitor     Conj/Summ      27%        N/A       89%         7
 Disjunction              Tloc           34%        N/A       97%         8
 Eringya's Noxious Bog    Tmut/Pois      7%         N/A       100%        6
 Iron Shot                Conj/Erth      7%         9d2       100%        6
 Starburst                Conj/Fire      7%         6d4       100%        6
 Statue Form              Tmut/Erth      9%         N/A       100%        6
 Orb of Destruction       Conj           7%         9d6       100%        7
 Ozocubu's Refrigeration  Ice            7%         4d9       100%        7
 Discord                  Hex            7%         N/A       100%        8
 Infestation              Necr           7%         N/A       100%        8
 Maxwell's Capacitive Co  Air            21%        ∞         100%        8
 Polar Vortex             Ice            7%         N/A       100%        9


Dungeon Overview and Level Annotations

Branches:
Dungeon (15/15)            Temple (0/1) D:4            Lair (5/5) D:10
  Swamp (4/4) Lair:2        Snake (4/4) Lair:2        Slime (0/5) Lair:4
    Orc (2/2) D:9             Elf (0/3) Orc:2        Vaults (2/5) D:13
 Depths (0/4) D:15        Ossuary (visited)           IceCv (visited)
 WizLab (visited)
  Crypt: Vaults:2-3

Shops:
D:3 =   D:4 [   D:10 :   D:11 *   D:15 [   Orc:2 (*:[   Vaults:1 !

Annotations:
D:15 3 runed translucent doors, Ryruocesk's ghost, adept DEFE
Snake:2 3 runed translucent doors, Jimielewn's ghost, journeyman DjCj; Ocirch's ghost, adept DsGl


Innate Abilities, Weirdness & Mutations

You have an increased reservoir of magic. (+10% MP)
You shall have no god before yourself.
Your divine heritage dramatically boosts your attributes as you level up.


Message History

The vault guard hits your lightning spire with a +1 battleaxe!
Your cactus giant hits the vault guard with a +0 giant spiked club!
Strange energies crackle from the ironbound thunderhulk's apparatus.
The ironbound thunderhulk blinks!
Unknown command.
Electricity crackles from the ironbound thunderhulk's apparatus.
The bolt of lightning misses you.
Unknown command.
Fire: M) +9 arbalest (flame)
Press: ? - help, Q - select action, (/) - cycle Shift-Dir - straight line, f/p - vault guard
Aim: a vault guard, wielding a +1 battleaxe and wearing a +0 plate armour (severely wounded, strong, ally target, 79% to hit)
You shoot a bolt. The bolt hits the vault guard!
The bolt burns the vault guard.
The vault guard is almost dead.
The vault guard hits you with a +1 battleaxe!!
The vault guard hits your cactus giant with a +1 battleaxe!
The vault guard hits your lightning spire with a +1 battleaxe!
Unknown command.
Unknown command.
Fire: M) +9 arbalest (flame)
Press: ? - help, Q - select action, (/) - cycle Shift-Dir - straight line, f/p - vault guard
Aim: a vault guard, wielding a +1 battleaxe and wearing a +0 plate armour (almost dead, strong, ally target, 79% to hit)
You shoot a bolt. The bolt hits the vault guard.
The bolt burns the vault guard.
You kill the vault guard!
Electricity crackles from the ironbound thunderhulk's apparatus.
The bolt of lightning misses you.
Unknown command.
You are too injured to fight recklessly!
Unknown command.
Fire: M) +9 arbalest (flame)
Press: ? - help, Q - select action, (/) - cycle Shift-Dir - straight line, f - ironbound thunderhulk
Aim: an ironbound thunderhulk, wielding a +0 dire flail and wearing a +0 animal skin (severely wounded, ally target, 82% to hit)
You shoot a bolt.
The bolt hits the ironbound thunderhulk!
The bolt burns the ironbound thunderhulk.
The ironbound thunderhulk is almost dead.
Electricity crackles from the ironbound thunderhulk's apparatus.
The bolt of lightning hits you!!!
You die...

#.....#.# #.........#
#..##...# #.........#
#..##...# #.........#
# #....##.#
#.........# #
#.#..##.# #.........#
# #.......#
#....[....# #
######### #8[..[....#
# #.)..C....# #
#.@.....O.# #
#.........# #
############.........#
#
#≈~......~≈#.........#
#~~.~~~≈.~~#.........#
#...~≈~~...#.........#
#.~~###.~~.#.........#
#.~≈#..#~~.'.........#
#.~≈#∩.#≈~.#.........#


You could see an ironbound thunderhulk (ally target), a friendly cactus giant
(summoned) and a friendly lightning spire (summoned).

Vanquished Creatures
  Vashnia (Snake:2)
  A tentacled monstrosity (Swamp:3)
  2 thorn hunters (Swamp:4)
  7 nagarajas
  Roxanne (Swamp:4)
  A fire giant (D:15)
  A vault warden (Vaults:2)
  6 very ugly things
  3 ironbound preservers
  2 ironbound thunderhulks
  Azrael (D:13)
  3 eleionomae
  2 spark wasps (WizLab)
  6 bunyips
  2 dire elephants (Vaults:1)
  The ghost of idiolect the Nimble, a journeyman DjNe of Makhleb (D:13)
  2 blizzard demons (WizLab)
  An entropy weaver (Vaults:1)
  An ettin (D:15)
  A shambling mangrove (Swamp:4)
  A rakshasa (D:14)
  Josephine (Orc:1)
  19 hydras
  5 vault guards
  A salamander tyrant (Snake:4)
  4 ghost crabs
  A caustic shrike simulacrum (IceCv)
  3 ogre magi (Orc:2)
  3 catoblepae (Lair:5)
  2 yaktaur captains (Vaults:1)
  7 two-headed ogres
  3 anacondas
  4 centaur warriors
  10 naga warriors
  7 alligators
  4 death yaks
  A tengu warrior (D:15)
  3 shock serpents (Snake:1)
  2 spriggan berserkers
  8 spriggans
  11 naga sharpshooters
  4 salamander mystics
  A death drake (WizLab)
  8 swamp dragons
  7 deep trolls (Vaults:1)
  6 goliath frogs
  2 spriggan druids
  5 naga ritualists
  An orange crystal statue (IceCv)
  4 bog bodies (Swamp:4)
  An orc knight (Orc:2)
  2 phantasmal warriors
  2 ironbound convokers (Vaults:1)
  2 lindwurms (Vaults:1)
  A wizard (Vaults:1)
  2 deep elf pyromancers (D:15)
  An orc sorcerer (D:15)
  6 mana vipers
  A wolf spider (D:15)
  A cyclops (D:15)
  10 ugly things
  9 salamanders
  A manticore (Lair:5)
  5 will-o-the-wisps
  Maurice (D:8)
  An elephant (Lair:5)
  33 black mambas
  3 vault sentinels
  9 naga magi
  A smoke demon (WizLab)
  Maggie (D:7)
  12 cane toads
  3 komodo dragons
  An efreet (D:14)
  3 rime drakes
  9 yaktaurs
  7 freezing wraiths
  3 golden dragon simulacra (IceCv)
  9 tyrant leeches
  A polar bear (Lair:4)
  10 hornets
  A troll (D:12)
  2 bloated husks
  5 slime creatures
  3 blink frogs (Lair:1)
  6 dream sheep (Lair:4)
  2 shadows
  A centaur simulacrum (D:15)
  4 wraiths
  7 air elementals (WizLab)
  A jumping spider (Vaults:1)
  A hog (D:14)
  21 yaks
  3 basilisks
  2 wyverns
  A steam dragon (D:6)
  Menkaure (D:7)
  10 vampire mosquitoes
  14 swamp worms
  4 wargs
  2 fire elementals (D:13)
  23 nagas
  A harpy simulacrum (IceCv)
  Edmund (D:5)
  7 water moccasins
  2 hydra simulacra (IceCv)
  6 swamp drakes
  An alligator simulacrum (IceCv)
  A sky beast (D:7)
  13 orc warriors
  2 black bears
  6 wolves
  2 ice beasts
  15 ogres
  6 centaurs
  An elf zombie (Ossuary)
  6 bullfrogs
  A bullfrog (shapeshifter) (D:15)
  A necrophage (D:6)
  A scorpion (D:6)
  A wight (D:8)
  7 electric eels (D:11)
  A hound (D:5)
  A jelly (D:5)
  5 orc priests
  An iguana (D:6)
  18 orc wizards
  Natasha (twice) (D:3)
  5 ogre zombies (D:9)
  4 mummies (Ossuary)
  A hound zombie (Ossuary)
  3 adders
  A gnoll (D:7)
  3 shadow imps
  2 white imps
  An adder zombie (Ossuary)
  A worm (D:4)
  4 dart slugs
  43 orcs
  9 endoplasms
  3 giant cockroaches
  6 goblins
  8 hobgoblins
  5 jackals
  2 quokkas
  5 ball pythons
  2 bats
  2 frilled lizards
  2 gnoll zombies (Ossuary)
  A goblin zombie (D:9)
  2 hobgoblin zombies
  12 kobolds
  A kobold zombie (Ossuary)
  4 orc zombies (D:9)
  3 rats
  3 bushes (Lair:5)
  A fungus (Swamp:3)
696 creatures vanquished.

Vanquished Creatures (collateral kills)
  Nikola (Vaults:1)
  A Cloud Mage (WizLab)
  Rupert (D:14)
  A tentacled monstrosity (Swamp:4)
  A sphinx (Vaults:1)
  Kirke (D:14)
  A thorn hunter (Swamp:4)
  A nagaraja (Snake:4)
  A fenstrider witch (Swamp:3)
  Aizul (Snake:2)
  A vault warden (Vaults:1)
  3 very ugly things
  An ironbound preserver (Vaults:1)
  A dire elephant (Vaults:1)
  2 bunyips
  An ettin (D:15)
  Snorg (D:13)
  The ghost of Lahuafud the Thaumaturge, a journeyman OpVM of Hepliaklqana (Orc:1)
  11 hydras
  2 shambling mangroves
  Harold (D:9)
  4 vault guards (D:13)
  4 spriggan air magi
  2 catoblepae (Lair:5)
  An alligator (Swamp:3)
  An anaconda (Snake:1)
  2 ogre magi
  2 boulder beetles
  10 two-headed ogres
  5 centaur warriors
  A tengu warrior (D:13)
  3 naga warriors (Snake:4)
  8 death yaks
  4 naga sharpshooters (Snake:4)
  A shock serpent (WizLab)
  2 salamander mystics
  2 orange crystal statues
  2 death drakes (WizLab)
  3 naga ritualists
  A deep troll (Vaults:1)
  A spriggan druid (Swamp:1)
  3 bog bodies
  2 orc knights (D:15)
  3 swamp dragons
  A lindwurm (Vaults:1)
  18 ugly things
  2 mana vipers
  5 cyclopes
  An orc sorcerer (Orc:1)
  An oklob plant (Lair:5)
  8 salamanders
  3 manticores
  4 elephants (Lair:5)
  A guardian serpent (Snake:3)
  6 black mambas
  An apocalypse crab (WizLab)
  A torpor snail (Lair:5)
  3 cane toads
  5 naga magi
  An efreet (D:15)
  An unseen horror (D:13)
  3 freezing wraiths
  2 komodo dragons
  A rime drake (Lair:3)
  2 anaconda simulacra (IceCv)
  3 hornets
  3 polar bears
  6 blink frogs
  10 dream sheep
  A tyrant leech (Swamp:1)
  2 shadows (D:9)
  2 air elementals (WizLab)
  A spriggan (Swamp:3)
  A vampire (D:10)
  2 dire elephant simulacra (IceCv)
  43 yaks
  2 wraiths (D:9)
  2 fire elementals (D:13)
  Grum (D:8)
  A basilisk (D:13)
  2 hogs (D:14)
  11 vampire mosquitoes
  A steam dragon (D:7)
  A two-headed ogre zombie (D:9)
  A hell hound (D:13)
  10 nagas
  An acid dragon (D:13)
  4 water moccasins
  3 swamp worms
  2 alligator simulacra (IceCv)
  3 ice beasts (D:8)
  11 orc warriors
  3 swamp drakes (Swamp:4)
  18 ogres
  2 centaurs (D:13)
  9 wolves
  2 kobold brigands
  4 wights (D:8)
  2 lindwurm simulacra (IceCv)
  2 gnoll boudas
  A hound (D:7)
  7 orc priests
  4 orc wizards
  Natasha (D:3)
  An iguana (D:6)
  A centaur simulacrum (D:8)
  2 ogre zombies (D:9)
  A hound zombie (Ossuary)
  6 gnolls
  An adder (D:2)
  2 howler monkey simulacra (D:8)
  An ufetubus (D:8)
  An adder zombie (Ossuary)
  A dart slug (D:1)
  48 orcs
  An endoplasm (D:1)
  A goblin (D:1)
  A bat (D:2)
  A goblin skeleton (D:9)
  3 goblin zombies (D:9)
  3 hobgoblin zombies (D:9)
  2 jackal zombies (Ossuary)
  6 kobolds
  A kobold zombie (Ossuary)
  2 orc skeletons (D:9)
  10 orc zombies (D:9)
  A rat (D:1)
454 creatures vanquished.

Vanquished Creatures (others)
  A spriggan air mage (WizLab)
  A two-headed ogre (D:15)
  A wizard (D:14)
  An ugly thing (D:15)
  A vault sentinel (Vaults:1)
  4 bloated husks
  A yak (D:8)
  An orc (D:8)
  9 foxfires
  21 fungi
  53 plants
  4 snaplasher vines
98 creatures vanquished.

Grand Total: 1248 creatures vanquished

Notes
Turn   | Place    | Note
-------+----------+-------------------------------------------
     0 | D:1      | hikkokomori the Demigod Summoner began the quest for the
                  | Orb.
     0 | D:1      | Reached XP level 1. HP: 14/14 MP: 5/5
   154 | D:1      | Reached XP level 2. HP: 20/20 MP: 7/7
   332 | D:1      | Reached skill level 1 in Ranged Weapons
   632 | D:2      | Reached XP level 3. HP: 26/26 MP: 8/8
   635 | D:2      | Learned a level 2 spell: Call Imp
   639 | D:2      | Learned a level 3 spell: Call Canine Familiar
  1362 | D:3      | Noticed Natasha
  1367 | D:2      | Reached XP level 4. HP: 33/33 MP: 9/9
  1496 | D:3      | Killed Natasha
  1697 | D:3      | Noticed Natasha
  1701 | D:3      | Killed Natasha
  1817 | D:3      | Reached XP level 5. HP: 38/38 MP: 10/10
  1869 | D:3      | Found Aceosko's Jewellery Shoppe.
  1977 | D:3      | Reached skill level 5 in Summonings
  2178 | D:4      | Found a sand-covered staircase.
  2189 | Ossuary  | Entered an ossuary
  2375 | Ossuary  | Reached XP level 6. HP: 45/45 MP: 11/11
  2536 | D:4      | Found Kypott's Antique Armour Shoppe.
  2543 | D:4      | Bought a masterwork leather armour for 126 gold pieces
  2543 | D:4      | Identified the +3 leather armour of Negligence {Str+2
                  | Dex+9} (You bought it in a shop on level 4 of the Dungeon)
  2633 | D:4      | Found a staircase to the Ecumenical Temple.
  3080 | D:3      | Noticed Natasha
  3084 | D:3      | Killed Natasha
  3366 | D:4      | Got Dispater's Compendium of the Swarm
  3510 | D:4      | Bought a helmet for 81 gold pieces
  3510 | D:4      | Bought a pair of gloves for 81 gold pieces
  3544 | D:5      | Entered Level 5 of the Dungeon
  3840 | D:5      | Reached XP level 7. HP: 43/50 MP: 9/13
  3921 | D:5      | Noticed Edmund
  3930 | D:5      | Killed Edmund
  3931 | D:5      | Reached skill level 5 in Ranged Weapons
  4244 | D:5      | Reached skill level 2 in Dodging
  4427 | D:6      | Noticed a steam dragon
  4454 | D:6      | Killed a steam dragon
  4455 | D:6      | Reached skill level 1 in Fighting
  4758 | D:6      | Reached XP level 8. HP: 61/61 MP: 6/14
  4885 | D:6      | Reached skill level 3 in Dodging
  5620 | D:7      | Reached skill level 4 in Dodging
  5637 | D:7      | Noticed Maggie
  5800 | D:7      | Learned a level 4 spell: Summon Lightning Spire
  5873 | D:7      | Killed Maggie
  5874 | D:7      | Reached skill level 1 in Air Magic
  5874 | D:7      | Reached XP level 9. HP: 27/70 MP: 1/15
  6040 | D:7      | Identified the +3 morningstar of the Final Decision {holy,
                  | *Corrode Int+10}
  6402 | D:7      | Noticed Menkaure
  6407 | D:7      | Killed Menkaure
  6575 | D:8      | Noticed Maurice
  6601 | D:8      | Killed Maurice
  6602 | D:8      | Reached skill level 5 in Dodging
  6756 | D:8      | Noticed Grum
  6793 | D:8      | Reached skill level 5 in Fighting
  6798 | D:8      | Killed Grum
  6912 | D:8      | Noticed a cyclops
  6931 | D:8      | Reached XP level 10. HP: 36/81 MP: 3/19
  6940 | D:8      | Killed a cyclops
  7571 | D:9      | Reached skill level 6 in Dodging
  8215 | D:9      | Found a staircase to the Orcish Mines.
  8271 | D:9      | Noticed a manticore
  8280 | D:9      | Killed a manticore
  8321 | D:9      | Noticed Harold
  8334 | D:9      | Killed Harold
  8335 | D:9      | Reached skill level 5 in Spellcasting
  8416 | D:9      | Noticed a manticore
  8421 | D:9      | Killed a manticore
  8427 | D:9      | Reached skill level 1 in Armour
  8430 | D:9      | Reached XP level 11. HP: 86/91 MP: 16/22
  8532 | D:9      | Reached skill level 7 in Dodging
  9012 | D:10     | Entered Level 10 of the Dungeon
  9123 | D:10     | Found Bisoub's Book Boutique.
  9139 | D:10     | Noticed a two-headed ogre
  9166 | D:10     | Killed a two-headed ogre
  9490 | D:10     | Noticed a two-headed ogre
  9505 | D:10     | Killed a two-headed ogre
  9597 | D:10     | Found a staircase to the Lair.
  9941 | D:11     | Reached skill level 10 in Summonings
 10153 | D:11     | Found Nuckaate's CLEARANCE SALE!.
 11154 | D:11     | Reached skill level 8 in Dodging
 11845 | D:12     | Noticed an orange crystal statue
 11915 | D:12     | Identified the +2 glaive "Giworphe" {speed, rElec Dex+6}
 11951 | D:12     | Identified the +2 ring mail of Mental Paralysis {*Slow rN+
                  | rCorr Dex+2}
 12426 | D:12     | Reached XP level 12. HP: 93/100 MP: 19/23
 12430 | D:12     | Learned a level 3 spell: Teleport Other
 12619 | D:13     | Reached skill level 5 in Armour
 12765 | D:13     | Upgraded the game from 0.30-a0-311-gf115ab0292 to
                  | 0.30-a0-313-gae38170b09
 12915 | D:13     | Noticed Azrael
 12936 | D:13     | Killed Azrael
 13437 | D:13     | Found a runed translucent gate.
 13437 | D:13     | Found a runed translucent gate.
 13437 | D:13     | Found a runed translucent gate.
 13446 | D:13     | Noticed a centaur warrior
 13454 | D:13     | Killed a centaur warrior
 13491 | D:13     | Noticed idiolect's ghost (journeyman DjNe)
 13695 | D:13     | Noticed a boulder beetle
 13725 | D:13     | Killed a boulder beetle
 13728 | D:13     | Reached skill level 9 in Dodging
 13957 | D:13     | Noticed Snorg
 13965 | D:13     | Killed Snorg
 14026 | D:13     | Noticed a vault guard
 14026 | D:13     | Noticed a vault guard
 14027 | D:13     | Noticed a vault guard
 14028 | D:13     | Noticed a vault guard
 14030 | D:13     | Found a gate to the Vaults.
 14030 | D:13     | Noticed a vault guard
 14030 | D:13     | Noticed a vault guard
 14030 | D:13     | Noticed a vault guard
 14035 | D:13     | Noticed a vault guard
 14276 | D:12     | Killed a vault guard
 14277 | D:12     | Killed a vault guard
 14278 | D:12     | Reached skill level 1 in Translocations
 14425 | D:12     | Noticed a great orb of eyes
 14501 | D:12     | Got the Vellum of the Illusory Princes
 14506 | D:12     | Got the Anthology of Evolution
 14510 | D:12     | Learned a level 2 spell: Passwall
 14711 | D:13     | Killed a vault guard
 14749 | D:13     | Noticed a centaur warrior
 14752 | D:13     | Killed a vault guard
 14753 | D:13     | Killed a centaur warrior
 14955 | D:13     | Killed a vault guard
 15237 | D:13     | Noticed a centaur warrior
 15251 | D:13     | Killed a centaur warrior
 15418 | D:13     | Killed a vault guard
 15486 | D:13     | Killed a vault guard
 15651 | Lair:1   | Entered Level 1 of the Lair of Beasts
 15675 | Lair:1   | Learned a level 7 spell: Summon Hydra
 15948 | Lair:1   | Reached XP level 13. HP: 106/106 MP: 24/24
 16022 | Lair:1   | Learned a level 5 spell: Summon Forest
 16623 | Lair:2   | Found a staircase to the Snake Pit.
 16671 | Lair:2   | Found a staircase to the Swamp.
 17000 | Lair:2   | Identified the +9 morningstar "Gobrazal" {flame, rCorr
                  | Dex+7}
 18377 | Lair:4   | Found a staircase to the Slime Pits.
 19764 | Lair:5   | Entered Level 5 of the Lair of Beasts
 19964 | Lair:4   | Reached skill level 5 in Translocations
 20230 | Lair:5   | Reached skill level 10 in Dodging
 20485 | Lair:5   | Reached XP level 14. HP: 115/115 MP: 21/29
 20509 | Lair:5   | Learned a level 6 spell: Summon Cactus Giant
 21890 | Orc:1    | Entered Level 1 of the Orcish Mines
 22123 | Orc:1    | Noticed Josephine
 22138 | Orc:1    | Killed Josephine
 22608 | Orc:1    | Found a runed translucent gate.
 22608 | Orc:1    | Found a runed translucent gate.
 22609 | Orc:1    | Found a runed translucent gate.
 22611 | Orc:1    | Noticed Lahuafud's ghost (journeyman OpVM)
 22792 | Orc:1    | Killed Lahuafud's ghost
 22850 | Orc:2    | Entered Level 2 of the Orcish Mines
 22971 | Orc:2    | Reached skill level 10 in Ranged Weapons
 23248 | Orc:2    | Found Onoad's Assorted Antiques.
 23249 | Orc:2    | Found Xomib's Antique Armour Emporium.
 23256 | Orc:2    | Found Kamnaada's Antique Weapon Shoppe.
 23256 | Orc:2    | Found Nuczas's Book Boutique.
 23278 | Orc:2    | Bought a brightly glowing scale mail for 297 gold pieces
 23278 | Orc:2    | Identified the +6 scale mail of the Ward {rF+ Regen+ Str+4}
                  | (You bought it in a shop on level 2 of the Orcish Mines)
 23724 | Orc:2    | Found a staircase to the Elven Halls.
 23923 | Orc:2    | Bought a book of the Warp for 546 gold pieces
 24172 | D:3      | Bought a +4 ring of protection for 468 gold pieces
 24422 | D:13     | Killed idiolect's ghost
 24423 | D:13     | Reached XP level 15. HP: 63/125 MP: 11/30
 24792 | D:14     | Noticed Rupert
 24796 | D:14     | Paralysed by Rupert for 4 turns
 24801 | D:14     | Killed Rupert
 24944 | D:14     | Noticed Kirke
 24947 | D:14     | Reached skill level 11 in Dodging
 24962 | D:14     | Killed Kirke
 25468 | D:15     | Entered Level 15 of the Dungeon
 25612 | D:15     | Noticed a fire giant
 25624 | D:15     | Killed a fire giant
 25753 | D:15     | Found a staircase to the Depths.
 25834 | D:15     | Found a runed translucent gate.
 25869 | D:15     | Found a runed translucent gate.
 25869 | D:15     | Found a runed translucent gate.
 25870 | D:15     | Noticed a lich
 25871 | D:15     | Noticed Ryruocesk's ghost (adept DEFE)
 25871 | D:15     | Noticed a lich
 25871 | D:15     | Noticed a lich
 25871 | D:15     | Noticed a lich
 26409 | D:15     | Found Udok's Antique Armour Shoppe.
 26419 | D:15     | Bought a steaming leather armour for 168 gold pieces
 26419 | D:15     | Identified the +1 leather armour "Kopnaun" {Rampage Int+3}
                  | (You bought it in a shop on level 15 of the Dungeon)
 26419 | D:15     | Bought a pair of runed boots for 180 gold pieces
 26419 | D:15     | Bought a faintly glowing ring mail for 216 gold pieces
 26419 | D:15     | Identified the +0 ring mail of the Pit {rElec Int-4 SInv}
                  | (You bought it in a shop on level 15 of the Dungeon)
 26542 | D:15     | Learned a level 6 spell: Dispersal
 27019 | Swamp:1  | Entered Level 1 of the Swamp
 27019 | Swamp:1  | Found a frozen archway.
 27026 | IceCv    | Entered an ice cave
 27316 | IceCv    | Reached skill level 12 in Dodging
 27421 | IceCv    | Found the ring of the Tortoise {AC+8}
 27450 | IceCv    | Identified the +9 great sword of the Beastly God {vorpal,
                  | rElec rPois Str-3 Stlth+}
 27625 | Swamp:1  | Reached skill level 10 in Fighting
 28552 | Snake:1  | Entered Level 1 of the Snake Pit
 28619 | Snake:1  | Reached XP level 16. HP: 132/134 MP: 29/33
 29665 | Snake:2  | Noticed Vashnia
 29694 | Snake:2  | Killed Vashnia
 30452 | Snake:2  | Found a runed translucent gate.
 30453 | Snake:2  | Found a runed translucent gate.
 30460 | Snake:2  | Found a runed translucent gate.
 30465 | Snake:2  | Noticed Jimielewn's ghost (journeyman DjCj)
 30465 | Snake:2  | Noticed Ocirch's ghost (adept DsGl)
 30698 | Snake:2  | Noticed Aizul
 30710 | Snake:2  | Killed Aizul
 31480 | Snake:3  | Reached skill level 13 in Dodging
 31848 | Snake:4  | Entered Level 4 of the Snake Pit
 32549 | Snake:4  | Reached XP level 17. HP: 142/144 MP: 26/35
 33342 | Snake:4  | Got a serpentine rune of Zot
 34593 | Swamp:2  | Reached skill level 1 in Evocations
 34776 | Swamp:3  | Reached skill level 10 in Spellcasting
 35008 | Swamp:3  | Noticed a tentacled monstrosity
 35019 | Swamp:3  | Killed a tentacled monstrosity
 35495 | Swamp:4  | Entered Level 4 of the Swamp
 35525 | Swamp:4  | Noticed a tentacled monstrosity
 35536 | Swamp:4  | Killed a tentacled monstrosity
 35976 | Swamp:4  | Reached skill level 14 in Dodging
 36185 | Swamp:4  | Identified Roxanne's Meditations on Terrain
 36185 | Swamp:4  | Noticed Roxanne
 36203 | Swamp:4  | Killed Roxanne
 36466 | Swamp:4  | Reached skill level 10 in Translocations
 36550 | Swamp:4  | Reached XP level 18. HP: 155/155 MP: 37/37
 37105 | Swamp:4  | Got a decaying rune of Zot
 37492 | Orc:2    | Bought a pair of glowing boots for 247 gold pieces
 37595 | Vaults:1 | Entered Level 1 of the Vaults
 37757 | Vaults:1 | Found Kala's Distillery.
 37826 | Vaults:1 | Noticed Nikola
 37849 | Vaults:1 | Killed Nikola
 37872 | Vaults:1 | Found a magical portal.
 37893 | WizLab   | Entered The Chambers of the Cloud Mage
 37943 | WizLab   | Paralysed by an air elemental for 1 turns
 38104 | WizLab   | Paralysed by an air elemental for 1 turns
 38109 | WizLab   | Paralysed by an air elemental for 1 turns
 38252 | WizLab   | Paralysed by an air elemental for 1 turns
 38414 | WizLab   | Paralysed by an air elemental for 1 turns
 38475 | WizLab   | Identified the ring of Fun {Will+ EV+4}
 38560 | WizLab   | Noticed Puipp
 38573 | WizLab   | Killed Puipp the Cloud Mage
 38637 | WizLab   | Got the Encyclopedia of Clouds
 38640 | WizLab   | Identified the +1 plate armour "Voguvve" {Contam rElec rC+}
 39201 | Vaults:1 | Got the Verses on Poison
 39953 | Vaults:2 | Reached skill level 15 in Dodging
 40152 | Vaults:1 | Killed from afar by an ironbound thunderhulk

Illustrated notes

Levels and vault maps discovered:
D:1:      lemuel_arrival_funnel, layout_rooms, serial_bayou_crossing
D:2:      layout_basic
D:3:      layout_basic, serial_shops, shop, corexii_shack, uniq_natasha
D:4:      layout_loops_ring, temple_doors_e, nicolae_ossuary_entry_ruins,
          serial_shops, nicolae_shop_hallway_plus
D:5:      layout_gridville, uniq_edmund
D:6:      layout_loops_corners
D:7:      layout_basic, minmay_liquid_box, dreamdust_gnoll_farm, uniq_menkaure,
          uniq_maggie
D:8:      layout_rooms, nicolae_vehumet_radiance, serial_ice, serial_ice_g,
          serial_ice_c, serial_ice_h, serial_ice_b, serial_park_tiny_pond,
          uniq_grum, uniq_maurice
D:9:      layout_long_grid, mainiacjoe_overflow_alcove_2, zombieorc2_lemuel,
          special_room [special_room_orc], minivault_11,
          dreamdust_gnoll_shepherd, uniq_harold
D:10:     layout_rooms, david_lair_shrubbed, serial_shops,
          nicolae_shop_hallway_plus
D:11:     layout_basic, nicolae_shop_clearance
D:12:     layout_roguey, minmay_protected_statue
D:13:     layout_basic, erik_vaults_2, gammafunk_ghost_spectres,
          minmay_misc_feat_encased, uniq_snorg, uniq_azrael
D:14:     layout_roguey, lemuel_crystal_altar, uniq_kirke, uniq_rupert
D:15:     grunt_enter_depths_giant_problem, layout_long_grid,
          gammafunk_ghost_crypt, serial_shops, shop, minmay_misc_feat_alley,
          minmay_diamond_spiral
Lair:1:   layout_cellular_growth
Lair:2:   layout_roguey, skrybe_swamp_entry_bodies,
          minmay_snake_entry_guardpost_medium, serial_bayou_shore_b,
          grunt_megastairs_4, serial_bayou_shore_a
Lair:3:   layout_misc_corridors
Lair:4:   layout_cave_pods, slime_entry_1
Lair:5:   evilmike_catoblepas_cave, layout_small_grid, st_stairs_9, tgw_fedhas
Swamp:1:  layout_falls_marsh, portal_ice_cave_entry_pillars_2,
          evilmike_swamp_ruin_house_1, infiniplex_staircase_pool
Swamp:2:  nicolae_swamp_husk_halls, layout_falls_marsh,
          evilmike_swamp_ruin_rubble_2
Swamp:3:  nzn_winding_woodlands_small [nzn_winding_woodlands_5x15_pockets,
          nzn_winding_woodlands_center_pierced_h,
          nzn_winding_woodlands_5x15_garden], layout_falls_marsh,
          nicolae_swamp_fairy_circle
Swamp:4:  swamp_basic_johnstein, layout_basic_swamp, swamp_pool3,
          nicolae_swamp_hydra_murder_den, uniq_roxanne
Snake:1:  layout_gridlike, lemuel_fruit_tree
Snake:2:  layout_layer_cave, gammafunk_ghost_cemetery, uniq_aizul, uniq_vashnia
Snake:3:  layout_concentric_octagons
Snake:4:  snake_pit, layout_cave_shapes, serial_bayou_shore_b
Orc:1:    layout_caves, ebering_ghost_rock_garden, uniq_josephine
Orc:2:    st_orc_ogre_mass, layout_caves
Vaults:1: infiniplex_enter_wizlab_water, ontoclasm_vaults_ligature,
          hangedman_vaults_pinch, v_misc_3, vaults_room_pools,
          vaults_mumra_chevron_long, nicolae_vaults_little_squares_6,
          nicolae_vaults_network_s, nicolae_vaults_windows_and_doors_thing,
          hangedman_vaults_nodes, v_pattern_4, ontoclasm_vaults_ring_small,
          vaults_room_stairs_pillars, layout_vaults_omnibox, serial_shops, shop,
          uniq_nikola
Vaults:2: vaults_dpeg_emergency_exit, grunt_vaults_focal, v_pattern_3,
          grunt_vaults_twisty, minmay_crypt_entry_simple_sparse,
          ontoclasm_vaults_shuriken, nicolae_vaults_murderbox,
          ontoclasm_vaults_pinch, nicolae_vaults_network_quinsquares
          [nicolae_vaults_network_quincunx_subvault,
          nicolae_vaults_network_quincunx_subvault,
          nicolae_vaults_network_quincunx_subvault,
          nicolae_vaults_network_quincunx_subvault], v_rooms_3,
          nicolae_vaults_little_squares_4, grunt_vaults_funnel,
          hangedman_vaults_slice, ontoclasm_vaults_gateway,
          ontoclasm_vaults_decontamination, layout_vaults_chaotic_city,
          serial_shops, nicolae_shop_hallway_plus, uniq_boris

Skill      XL: |  1  2  3  4  5  6  7  8  9 10 11 12 13 14 15 16 17 18 |
---------------+-------------------------------------------------------+-----
Spellcasting   | 2 3 5 7 8 9 10 | 10.2
Summonings     | 4 5 6 7 8 9 10 11 13 14 | 14.5
Ranged Weapons | 1 2 3 4 5 6 7 9 10 12 13 14 | 14.9
Dodging        | 2 4 5 6 8 9 10 12 13 14 15 | 15.0
Fighting       | 1 3 5 6 7 8 9 10 11 12 13 | 13.4
Air Magic      | 1 3 4 |  4.9
Armour         | 1 4 6 |  6.1
Translocations | 2 5 6 8 10 11 | 11.2
Stealth        | 4 |  4.3
Evocations     | 4 |  4.3

Action                   |  1- 3 |  4- 6 |  7- 9 | 10-12 | 13-15 | 16-18 || total
-------------------------+-------+-------+-------+-------+-------+-------++-------
Melee: Unarmed           |     2 |       |       |       |       |       ||     2
       Morningstar       |       |       |    23 |   125 |   129 |    49 ||   326
       Punch             |       |       |     1 |     2 |     1 |       ||     4
 Fire: Sling             |    87 |   163 |   135 |       |       |       ||   385
       Arbalest          |       |       |       |   252 |   732 |  1006 ||  1990
Throw: Throwing net      |       |       |       |     1 |       |       ||     1
 Cast: Summon Small Mamm |    10 |     6 |       |     1 |       |       ||    17
       Call Imp          |     3 |     3 |    10 |    14 |     2 |     2 ||    34
       Call Canine Famil |       |    12 |    18 |    17 |     5 |     5 ||    57
       Summon Lightning  |       |       |     8 |    81 |    87 |    92 ||   268
       Summon Forest     |       |       |       |       |    11 |     3 ||    14
       Teleport Other    |       |       |       |       |     4 |       ||     4
       Summon Cactus Gia |       |       |       |       |    46 |    50 ||    96
       Dispersal         |       |       |       |       |       |     4 ||     4
Evoke: Wand              |       |       |     6 |    10 |     5 |     1 ||    22
       Phial of floods   |       |       |       |       |     1 |       ||     1
       Tin of tremorston |       |       |       |       |     1 |       ||     1
       Condenser vane    |       |       |       |       |       |     2 ||     2
  Use: Potion            |     1 |     2 |     8 |     3 |     7 |     9 ||    30
       Scroll            |       |     8 |     6 |    20 |    16 |    11 ||    61
 Stab: Distracted        |       |       |       |     4 |     1 |     1 ||     6
       Invisible         |       |       |       |       |     1 |       ||     1
Armor: Leather armour    |    14 |    27 |    44 |    93 |   206 |   211 ||   595
       Robe              |       |    18 |       |       |       |       ||    18
Dodge: Dodged            |    38 |    63 |    68 |   376 |   628 |   705 ||  1878

Table legend: (Time is in decaauts)
 A = Elapsed time spent in this place.
 B = Non-inter-level travel time spent in this place.
 C = Inter-level travel time spent in this place.
 D = Time resting spent in this place.
 E = Time spent auto-exploring this place.
 F = Levels seen in this place.
 G = Mean time per level.
                   A        B        C        D        E       F      G
               +--------+--------+--------+--------+--------+-----+--------+
         Total |  41462 |  38415 |   3047 |   6561 |  21754 |  35 | 1184.6 |
       Dungeon |  18985 |  17560 |   1425 |   2767 |  11274 |  15 | 1265.7 |
          Lair |   6596 |   5914 |    682 |    845 |   3620 |   5 | 1319.2 |
         Swamp |   4798 |   4695 |    103 |   1211 |   2088 |   4 | 1199.5 |
     Snake Pit |   5391 |   5014 |    377 |    835 |   2730 |   4 | 1347.8 |
  Orcish Mines |   2240 |   1996 |    244 |    472 |    784 |   2 | 1120.0 |
        Vaults |   1649 |   1436 |    213 |     13 |    961 |   2 |  824.5 |
       Ossuary |    268 |    268 |      0 |      2 |    146 |   1 |  268.0 |
      Ice Cave |    533 |    533 |      0 |    227 |      0 |   1 |  533.0 |
        Wizlab |    999 |    999 |      0 |    189 |    149 |   1 |  999.0 |
               +--------+--------+--------+--------+--------+-----+--------+

Top non-repeatable levels by time:
    D:13: 2795 daAuts
  Lair:4: 1976 daAuts
 Swamp:4: 1838 daAuts
    D:12: 1677 daAuts
     D:9: 1619 daAuts
  Lair:5: 1614 daAuts
 Snake:4: 1570 daAuts
Vaults:1: 1555 daAuts
    D:11: 1440 daAuts
 Snake:2: 1426 daAuts
    D:10: 1416 daAuts
    D:15: 1387 daAuts
 Snake:3: 1362 daAuts
     D:6: 1285 daAuts
   Orc:2: 1171 daAuts
